 Dungeon Crawl Stone Soup version 0.30.1-11-g7821555f0a (webtiles) character file.

Game seed: 15027354499114778113

15052 Mirodir the Cruncher (level 11, 0/84 HPs)
             Began as a Demonspawn Chaos Knight on Jan 8, 2024.
             Was a Plaything of Xom.
             Slain by an orc warrior
             ... wielding a +0 scimitar
              (2 damage)
             ... on level 1 of the Orcish Mines.
             The game lasted 01:18:17 (13402 turns).

Mirodir the Cruncher (Demonspawn Chaos Knight)     Turns: 13402, Time: 01:18:19

Health: 0/84       AC: 18    Str: 19      XL:     11   Next: 96%
Magic:  18/18      EV:  9    Int: 11 (12) God:    Xom [...*..]
Gold:   1826       SH:  5    Dex: 13 (16) Spells: 17/19 levels left

rFire   + . .        u - +4 quarterstaff (chaos)
rCold   . . .        (shield currently unavailable)
rNeg    . . .        g - +3 plate armour {Will+}
rPois   +            L - +0 helmet
rElec   .            v - +2 cloak
rCorr   .            B - +0 pair of gloves
SInv    +            t - +0 pair of boots
Will    +....        G - amulet of reflection Stlth
                     p - ring of fire
HPRegen 0.34/turn    q - ring of protection from cold
MPRegen 0.32/turn

%: random rage (3%), reflection
@: no status effects
A: repulsion field 1, spiny 3, magic regeneration, weakness stinger 1, see
invisible, agile 1, berserk 1, deformed body, deterioration 1, poison
resistance, strong 1, wild magic 1, evolution 1, MP-powered wands, noise
suppression
a: Renounce Religion


You were on level 1 of the Orcish Mines.
You worshipped Xom.
You were a favourite toy of Xom.
You visited 3 branches of the dungeon, and saw 14 of its levels.
You also visited: Sewer and Ossuary.

You collected 1826 gold pieces.

Inventory:

Hand Weapons
 a - a +0 falchion of chaos
 u - a +4 quarterstaff of chaos (weapon)
 y - a +0 shortbow of electrocution
 z - a +4 flail of protection
Missiles
 d - 43 poisoned darts (quivered)
 k - 3 large rocks
 O - 2 curare-tipped darts
Armour
 b - a +2 leather armour
 g - a +3 plate armour of willpower (worn)
 t - a +0 pair of boots (worn)
 v - a +2 cloak (worn)
 A - a +4 ring mail of cold resistance
 B - a +0 pair of gloves (worn)
 L - a +0 helmet (worn)
Magical Staves
 T - a staff of poison
Jewellery
 p - a ring of fire (left hand)
 q - a ring of protection from cold (right hand)
 G - an amulet of reflection (around neck)
 H - a ring of fire
 V - the amulet of Divine Intervention {rN+ Regen+ Dex+2}
   (Xom gifted it to you on level 1 of the Orcish Mines)

   [amulet of regeneration]

   Dex:       It affects your dexterity (+2).
   rN:        It protects you from negative energy.
   Regen:     It increases your rate of health regeneration.
Wands
 C - a wand of iceblast (9)
 N - a wand of charming (7)
Scrolls
 e - 6 scrolls of identify
 l - 5 scrolls of noise
 m - 3 scrolls of magic mapping
 w - 4 scrolls of fog
 E - a scroll of amnesia
 I - 2 scrolls of poison {unknown}
 M - a scroll of enchant armour {unknown}
 Q - 2 scrolls of torment
 R - 4 scrolls of vulnerability
Potions
 f - 5 potions of lignification {unknown}
 h - 3 potions of berserk rage {unknown}
 j - 2 potions of flight {unknown}
 n - 2 potions of haste {unknown}
 x - 2 potions of cancellation {unknown}
 D - 3 potions of might {unknown}
 F - a potion of brilliance
 J - 3 potions of magic {unknown}
 K - a potion of invisibility {unknown}
 P - 4 potions of attraction {unknown}
 S - a potion of mutation {unknown}
 U - a potion of degeneration {unknown}
Miscellaneous
 c - a piece from Xom's chessboard (15/15)


   Skills:
 + Level 7.3 Fighting
 + Level 4.0 Long Blades
 + Level 9.6 Staves
 + Level 3.0 Ranged Weapons
 + Level 0.1 Throwing
 * Level 6.6 Armour
 * Level 5.6 Dodging
 - Level 2.8 Stealth
 + Level 3.4 Shields
 * Level 4.9 Spellcasting
 * Level 4.2 Conjurations
 + Level 0.1 Transmutations
 * Level 4.5 Ice Magic
 + Level 3.8 Evocations


You had 17 spell levels left.
You knew the following spells:

 Your Spells              Type           Power      Damage    Failure   Level
a - Passwall              Tmut/Erth      2%         N/A       100%        2

Your spell library contained the following spells:

 Spells                   Type           Power      Damage    Failure   Level
 Freeze                   Ice            64%        1d7       73%         1
 Frozen Ramparts          Ice            32%        1d5       97%         3
 Hailstorm                Conj/Ice       16%        3d6       97%         3
 Necrotise                Necr           12%        1d4       100%        1
 Sandblast                Erth           6%         2d5       100%        1
 Stone Arrow              Conj/Erth      18%        3d8       100%        3
 Vampiric Draining        Necr           3%         2d6       100%        3
 Anguish                  Hex/Necr       1%         N/A       100%        4
 Animate Dead             Necr           3%         N/A       100%        4
 Cause Fear               Hex            1%         N/A       100%        4
 Agony                    Necr           3%         N/A       100%        5
 Borgnjor's Vile Clutch   Necr/Erth      1%         N/A       100%        5
 Death Channel            Necr           1%         N/A       100%        6
 Enfeeble                 Hex            1%         N/A       100%        7


Dungeon Overview and Level Annotations

Branches:
Dungeon (11/15)            Temple (1/1) D:4             Orc (2/2) D:10
  Sewer (visited)         Ossuary (visited)
   Lair: D:8-11         Elf: Orc:2

Altars:
Ashenzari
Cheibriados
Dithmenos
Fedhas
Gozag
Hepliaklqana
Kikubaaqudgha
Makhleb
Nemelex Xobeh
Okawaru
Qazlal
Ru
Sif Muna
Trog
Uskayaw
Vehumet
Wu Jian
Xom
Yredelemnul

Shops:
D:5 !


Innate Abilities, Weirdness & Mutations

You are surrounded by a mild repulsion field. (EV +2)
You are completely covered in sharp spines.
You regenerate magic rapidly.
You have a small tail.
You have supernaturally acute eyesight. (SInv)
You are agile. (Dex +4, Str/Int -1)
You sometimes lose your temper in combat.
Armour fits poorly on your strangely shaped body.
Your body sometimes deteriorates upon taking damage.
Your system is resistant to poisons. (rPois)
Your muscles are strong. (Str +4, Int/Dex -1)
Your spells are a little harder to cast, but a little more powerful.
You have hidden genetic potential.
You expend magic power (3 MP) to strengthen your wands.
You passively dampen the noise of your surroundings.


Message History

The orc warrior barely misses you.
You climb upwards.
There is a stone staircase leading down, spattered with blood here.
Things that are here:
a +0 chain mail; a +0 war axe You hit the orc wizard.
The orc wizard is lightly wounded.
The orc warrior hits you with a +0 battleaxe!
Your body deteriorates!
You feel dopey. The orc wizard casts a spell at you.
The magic dart hits you but does no damage.
The orc priest is struck by your spines.
The orc priest hits you but does no damage.
You block the orc warrior's attack.
You sock the orc wizard! You drain the orc wizard.
You kill the orc wizard!
The orc warrior barely misses you.
The orc warrior is struck by your spines.
The orc warrior hits you with a +0 battleaxe!
* * * LOW HITPOINT WARNING * * *
The orc priest hits you with a +0 hand axe.
* * * LOW HITPOINT WARNING * * *
Aiming: Iceblast
Press: ? - help, Q - select action, (/) - cycle Shift-Dir - straight line, f - orc warrior
Aim: an orc warrior, wielding a +0 scimitar and wearing a +0 plate armour (strong)
Okay, then.
Items here: )))))) [[[[[.
You sock the orc warrior! You burn the orc warrior.
The orc warrior is heavily wounded.
The orc warrior hits you but does no damage. x2
You completely miss the orc warrior.
The orc warrior is heavily wounded.
You hit the orc warrior.
Your tail-slap misses the orc warrior.
The orc warrior is severely wounded.
The orc warrior hits you with a +0 battleaxe!
* * * LOW HITPOINT WARNING * * *
Xom roars with laughter!
The orc warrior hits you with a +0 scimitar.
You die...
Xom bursts into laughter!

##.....###......#......#
##.......####.#.###.....#
#........#.##.### ##...#.
##...........#.# ##.#..
##...#.##......## #.....
#....####.....## ##.##.
##.#.....)o[### #...#.
#........oo## ##.###
##.#.....#@# ##.##
#####...### #...# ##.##
##.## ### ###


You could see 2 orc warriors and an orc priest (strong).

Vanquished Creatures
  An orc warlord (Orc:1)
  A boulder beetle (D:9)
  2 two-headed ogres
  An orc knight (Orc:1)
  A faun (shapeshifter) (D:9)
  An ice statue (D:9)
  A gargoyle (D:10)
  Maggie (D:7)
  A kobold demonologist (D:10)
  7 ice devils (D:9)
  4 trolls
  2 vampires (D:9)
  A wraith (Ossuary)
  4 yaks (D:10)
  2 wyverns
  2 steam dragons (D:7)
  2 wargs
  Edmund (D:4)
  A swamp worm (Orc:1)
  3 water moccasins
  15 orc warriors
  A sky beast (D:7)
  An ogre (D:5)
  4 centaurs
  A phantom (D:6)
  2 gnoll sergeants
  4 kobold brigands
  An elf skeleton (D:7)
  2 bullfrogs
  7 scorpions
  7 wights
  7 killer bees
  5 howler monkeys
  3 lava snakes (D:10)
  A human zombie (D:7)
  3 hounds
  3 jellies
  A gnoll bouda (D:5)
  10 orc priests
  Crazy Yiuf (D:3)
  4 iguanas
  23 orc wizards
  A mummy (Ossuary)
  12 gnolls
  7 adders
  7 ufetubi
  3 worms
  3 dart slugs (D:1)
  60 orcs
  6 ball pythons
  6 bats
  4 endoplasms
  8 giant cockroaches
  7 goblins
  8 hobgoblins
  3 jackals (Sewer)
  21 kobolds
  8 quokkas
  4 frilled lizards
  8 gnoll skeletons (Ossuary)
  6 kobold skeletons (Ossuary)
  13 orc skeletons
  An orc zombie (D:7)
  10 rats
  2 butterflies (D:7)
353 creatures vanquished.

Vanquished Creatures (collateral kills)
  A jelly (D:6)
  A gnoll bouda (D:6)
  A sleepcap (D:6)
  3 gnolls (D:6)
6 creatures vanquished.

Vanquished Creatures (others)
  2 orcs (Orc:2)
  A bat zombie (D:1)
  A goblin zombie (D:10)
  An orc zombie (D:6)
5 creatures vanquished.

Grand Total: 364 creatures vanquished

Notes
Turn   | Place    | Note
-------+----------+-------------------------------------------
     0 | D:1      | Mirodir the Demonspawn Chaos Knight began the quest for the
                  | Orb.
     0 | D:1      | Reached XP level 1. HP: 18/18 MP: 1/1
    73 | D:1      | XOM: butterfly on damage
    76 | D:1      | XOM: potion effect (berserk rage)
    80 | D:1      | Gained mutation: You regenerate magic rapidly. [demonic
                  | ancestry]
    80 | D:1      | Reached XP level 2. HP: 24/24 MP: 2/2
   201 | D:1      | XOM: divination: detect items
   308 | D:1      | Reached XP level 3. HP: 29/29 MP: 3/3
   367 | D:1      | XOM: divination: detect items
   416 | D:1      | Reached skill level 1 in Dodging
   528 | D:1      | XOM: give mutations
   528 | D:1      | Gained mutation: You have large cloven feet. [Xom's grace]
   528 | D:1      | Gained mutation: Your mind is acute. (Int +4, Str/Dex -1)
                  | [Xom's grace]
   528 | D:1      | Gained mutation: Your spells are a little harder to cast,
                  | but a little more powerful. [Xom's grace]
   848 | D:1      | XOM: god gift: 3 large rocks
  1298 | D:2      | XOM: give mutations
  1298 | D:2      | Gained mutation: You expend magic power (3 MP) to
                  | strengthen your wands. [Xom's grace]
  1298 | D:2      | Gained mutation: You have supernaturally acute eyesight.
                  | (SInv) [Xom's grace]
  1382 | D:2      | XOM: smoke on damage
  1385 | D:2      | Gained mutation: You are surrounded by a mild repulsion
                  | field. (EV +2) [demonic ancestry]
  1385 | D:2      | Reached XP level 4. HP: 26/35 MP: 4/4
  1426 | D:2      | Learned a level 2 spell: Passwall
  1962 | D:3      | XOM: polymorph quokka -> frilled lizard
  2068 | D:3      | Found a runed translucent door.
  2069 | D:3      | Noticed Crazy Yiuf
  2078 | D:3      | Killed Crazy Yiuf
  2453 | D:3      | Found an ornate altar of the Wu Jian Council.
  2466 | D:3      | Found an opulent altar of Gozag.
  2512 | D:3      | XOM: 2-stop teleportation journey
  2687 | D:4      | XOM: summons 4 hostile shadow creatures
  2751 | D:4      | Reached XP level 5. HP: 38/42 MP: 5/5
  2760 | D:4      | Reached skill level 1 in Staves
  2784 | D:4      | XOM: give mutations
  2784 | D:4      | Lost mutation: You expend magic power (3 MP) to strengthen
                  | your wands. [Xom's mischief]
  2784 | D:4      | Gained mutation: Armour fits poorly on your strangely
                  | shaped body. [Xom's mischief]
  2800 | D:4      | Noticed Edmund
  2812 | D:4      | Killed Edmund
  2813 | D:4      | Reached skill level 2 in Staves
  2813 | D:4      | Gained mutation: You are partially covered in sharp spines.
                  | [demonic ancestry]
  2813 | D:4      | Reached XP level 6. HP: 41/48 MP: 6/6
  2881 | D:4      | XOM: draining
  2912 | D:4      | Found a staircase to the Ecumenical Temple.
  2924 | Temple   | Entered the Ecumenical Temple
  3045 | D:4      | XOM: draining
  3202 | D:4      | XOM: give mutations
  3202 | D:4      | Gained mutation: You are occasionally teleported next to
                  | monsters. [Xom's mischief]
  3202 | D:4      | Gained mutation: Your body sometimes deteriorates upon
                  | taking damage. [Xom's mischief]
  3202 | D:4      | Gained mutation: You occasionally lose the ability to read
                  | scrolls when taking damage. [Xom's mischief]
  3202 | D:4      | Gained mutation: You sometimes lose your temper in combat.
                  | [Xom's mischief]
  3360 | D:5      | Entered Level 5 of the Dungeon
  3444 | D:5      | Reached skill level 3 in Staves
  3540 | D:5      | Reached skill level 1 in Evocations
  3769 | D:5      | XOM: 2-stop teleportation journey
  3773 | D:5      | Gained mutation: You have a small tail. [demonic ancestry]
  3773 | D:5      | Reached XP level 7. HP: 43/48 MP: 7/7
  3912 | D:5      | XOM: scenery: 1 doors open
  3922 | D:5      | XOM: confuse monster(s)
  3982 | D:5      | XOM: 5-stop teleportation journey
  4095 | D:5      | Found Cagge's Distillery.
  4095 | D:5      | XOM: 2-stop teleportation journey
  4588 | D:5      | XOM: god gift: scroll of teleportation
  4615 | D:6      | XOM: noise
  4648 | D:6      | Found a glowing drain.
  4652 | D:6      | XOM: noise
  4659 | Sewer    | Entered a sewer
  4724 | Sewer    | Reached skill level 4 in Staves
  4724 | Sewer    | Reached skill level 1 in Stealth
  4817 | D:6      | XOM: butterfly on damage
  4819 | D:6      | XOM: cast spell 'Summon Dragon'
  5076 | D:6      | XOM: smoke on damage
  5086 | D:6      | Gained mutation: You are mostly covered in sharp spines.
                  | [demonic ancestry]
  5086 | D:6      | Reached XP level 8. HP: 36/61 MP: 8/8
  5114 | D:6      | Reached skill level 1 in Shields
  5119 | D:6      | Reached skill level 5 in Staves
  5291 | D:6      | XOM: stat loss: -1 Int (17/18)
  5367 | D:6      | XOM: give mutations
  5367 | D:6      | Lost mutation: You occasionally lose the ability to read
                  | scrolls when taking damage. [Xom's mischief]
  5367 | D:6      | Lost mutation: Your mind is acute. (Int +4, Str/Dex -1)
                  | [Xom's mischief]
  5367 | D:6      | Gained mutation: Your muscles are strong. (Str +4, Int/Dex
                  | -1) [Xom's mischief]
  5394 | D:7      | Noticed Maggie
  5402 | D:7      | XOM: butterfly on damage
  5406 | D:7      | Killed Maggie
  5407 | D:7      | Reached skill level 5 in Fighting
  5407 | D:7      | Reached skill level 6 in Staves
  5411 | D:7      | XOM: give mutations
  5411 | D:7      | Gained mutation: You are robust. (+10% HP) [Xom's mischief]
  5411 | D:7      | Lost mutation: You have large cloven feet. [Xom's mischief]
  5411 | D:7      | Gained mutation: You have sharp toenails. [Xom's mischief]
  5411 | D:7      | Gained mutation: You are agile. (Dex +4, Str/Int -1) [Xom's
                  | mischief]
  5414 | D:7      | XOM: blink monster(s)
  5448 | D:7      | Found a runed translucent door.
  5448 | D:7      | XOM: 1-stop teleportation journey
  5460 | D:7      | XOM: 1-stop teleportation journey
  5481 | D:7      | Reached XP level 9. HP: 64/74 MP: 9/9
  5615 | D:7      | Reached skill level 7 in Staves
  5638 | D:7      | XOM: silly message
  5678 | D:7      | XOM: swap monsters
  5704 | D:7      | Found a runed translucent door.
  5958 | D:7      | Found a sand-covered staircase.
  5963 | Ossuary  | Entered an ossuary
  6288 | D:7      | Reached skill level 1 in Spellcasting
  6307 | D:7      | Reached skill level 8 in Staves
  6772 | D:8      | XOM: give mutations
  6772 | D:8      | Lost mutation: You are occasionally teleported next to
                  | monsters. [Xom's mischief]
  6772 | D:8      | Lost mutation: You are robust. (+10% HP) [Xom's mischief]
  6772 | D:8      | Lost mutation: You have sharp toenails. [Xom's mischief]
  6772 | D:8      | Gained mutation: You passively dampen the noise of your
                  | surroundings. [Xom's mischief]
  6784 | D:8      | Reached skill level 1 in Conjurations
  6977 | D:8      | Found a snail-covered altar of Cheibriados.
  7073 | D:8      | Found a transporter.
  7078 | D:8      | Found a transporter.
  7079 | D:8      | Found a transporter.
  7113 | D:8      | Found a transporter.
  7329 | D:8      | XOM: enchant monster (bad)
  7382 | D:8      | XOM: give mutation
  7382 | D:8      | Gained mutation: You expend magic power (3 MP) to
                  | strengthen your wands. [Xom's grace]
  7596 | D:8      | XOM: cloud trail
  7597 | D:9      | Noticed an ice devil
  7597 | D:9      | Noticed an ice devil
  7601 | D:9      | Noticed an ice devil
  7602 | D:9      | Noticed an ice statue
  7603 | D:9      | Noticed an ice devil
  7614 | D:9      | Noticed an ice devil
  7615 | D:9      | Noticed an ice devil
  7623 | D:9      | Noticed an ice devil
  7685 | D:9      | Noticed a troll
  7692 | D:9      | XOM: cleaving
  7696 | D:9      | XOM: fog
  7700 | D:9      | XOM: polymorph orc -> gnoll
  7702 | D:9      | XOM: enchant monster (good)
  7712 | D:9      | Reached skill level 1 in Ice Magic
  7905 | D:9      | XOM: 1-stop teleportation journey
  7956 | D:9      | Found a hazy altar of Hepliaklqana.
  7960 | D:9      | XOM: noise
  7961 | D:9      | XOM: silly message
  7963 | D:9      | Gained mutation: You are completely covered in sharp
                  | spines. [demonic ancestry]
  7963 | D:9      | Reached XP level 10. HP: 76/76 MP: 13/13
  8085 | D:9      | XOM: god gift: book of Unlife
  8752 | D:9      | XOM: 6-stop teleportation journey
  8859 | D:9      | Noticed a boulder beetle
  8862 | D:9      | Noticed a two-headed ogre
  8866 | D:9      | a gnoll changed into a glowing shapeshifter
  8866 | D:9      | Noticed a glowing shapeshifter (glowing shapeshifter)
  8866 | D:9      | a glowing shapeshifter changed into a wolf spider
  8866 | D:9      | Noticed a wolf spider (glowing shapeshifter)
  8869 | D:9      | a wolf spider changed into a great orb of eyes
  8869 | D:9      | Noticed a great orb of eyes (glowing shapeshifter)
  8871 | D:9      | a great orb of eyes changed into a spark wasp
  8871 | D:9      | Noticed a spark wasp (glowing shapeshifter)
  8872 | D:9      | XOM: smoke on damage
  8873 | D:9      | a spark wasp changed into a radroach
  8873 | D:9      | Noticed a radroach (glowing shapeshifter)
  9058 | D:9      | Reached skill level 5 in Armour
  9130 | D:9      | Noticed a shock serpent
  9131 | D:9      | a shock serpent changed into a glowing shapeshifter
  9131 | D:9      | Noticed a glowing shapeshifter (glowing shapeshifter)
  9132 | D:9      | a glowing shapeshifter changed into a floating eye
  9133 | D:9      | a floating eye changed into a two-headed ogre
  9133 | D:9      | Noticed a two-headed ogre (glowing shapeshifter)
  9134 | D:9      | a two-headed ogre changed into a faun
  9134 | D:9      | Noticed a faun (glowing shapeshifter)
  9142 | D:9      | Killed a faun
  9154 | D:9      | XOM: enchant monster (good)
  9159 | D:9      | Killed a boulder beetle
  9294 | D:9      | Killed a two-headed ogre
  9376 | D:9      | XOM: silly message
  9753 | D:9      | Reached skill level 1 in Ranged Weapons
  9777 | D:9      | Reached XP level 11. HP: 83/83 MP: 16/16
 10159 | D:9      | Reached skill level 5 in Dodging
 10272 | D:10     | Entered Level 10 of the Dungeon
 10384 | D:10     | Reached skill level 9 in Staves
 10422 | D:10     | XOM: 2-stop teleportation journey
 10459 | D:11     | Noticed a two-headed ogre
 10471 | D:10     | HP: 1/83 [gargoyle/+0 mace (30)]
 10653 | D:9      | XOM: god gift: 667 gold pieces
 10762 | D:10     | Found a staircase to the Orcish Mines.
 10797 | Orc:1    | Entered Level 1 of the Orcish Mines
 10827 | Orc:1    | XOM: fog
 10848 | D:10     | XOM: god gift: 55 gold pieces
 11003 | D:10     | XOM: 2-stop teleportation journey
 11042 | D:10     | Found an iron altar of Okawaru.
 11071 | D:10     | Noticed a two-headed ogre
 11074 | D:10     | Killed a two-headed ogre
 11188 | D:10     | Noticed a sun demon
 11191 | D:10     | XOM: confusion (+ monsters)
 11259 | D:10     | XOM: torment (43/84 hp)
 11415 | D:10     | XOM: god gift: plate armour {god gift}
 11604 | Orc:1    | XOM: summons friendly quasit
 11606 | Orc:1    | Identified the amulet of Divine Intervention {rN+ Regen+
                  | Dex+2} (Xom gifted it to you on level 1 of the Orcish
                  | Mines)
 11606 | Orc:1    | XOM: god gift: amulet of Divine Intervention {rN+ Regen+
                  | Dex+2}
 11716 | Orc:1    | XOM: summons 1 hostile demon
 11743 | Orc:1    | XOM: 1-stop teleportation journey
 11760 | Orc:1    | XOM: give mutations
 11760 | Orc:1    | Gained mutation: You have hidden genetic potential. [Xom's
                  | grace]
 11760 | Orc:1    | Gained mutation: Your system is resistant to poisons.
                  | (rPois) [Xom's grace]
 11928 | Orc:1    | XOM: cast spell 'Summon Mana Viper'
 12220 | Orc:2    | Entered Level 2 of the Orcish Mines
 12313 | Orc:2    | Noticed an orc high priest
 12315 | Orc:2    | XOM: summons 5 friendly demons
 12317 | Orc:2    | Noticed an orc high priest
 12330 | Orc:2    | Noticed an orc knight
 12332 | Orc:2    | Noticed an orc knight
 12598 | Orc:2    | XOM: fog
 12606 | Orc:1    | XOM: summons friendly white imp
 12614 | Orc:1    | Killed an orc knight
 12831 | Orc:2    | Noticed an orc knight
 12833 | Orc:1    | an orc knight changed into a swamp worm
 12833 | Orc:1    | XOM: polymorph orc knight -> swamp worm
 13083 | Orc:2    | Noticed an orc warlord
 13238 | Orc:1    | XOM: cast spell 'Alistair's Intoxication'
 13243 | Orc:1    | XOM: enchant monster (good)
 13256 | Orc:1    | Killed an orc warlord
 13402 | Orc:1    | HP: 2/84 [orc warrior/+0 battleaxe (15)]
 13402 | Orc:1    | Slain by an orc warrior

Illustrated notes

Levels and vault maps discovered:
D:1:      tarquinn_simple_flora_water_c, layout_loops_ring, serial_rivers,
          chequers_serial_rivers_room_b, chequers_serial_rivers_small_3,
          chequers_serial_rivers_marsh, chequers_serial_rivers_small_a,
          corexii_leaking_fountain, amethyst_killhole
D:2:      layout_rooms
D:3:      layout_rooms, mainiacjoe_overflow_swirl, uniq_crazy_yiuf_cottage
D:4:      layout_loops_ring, minmay_temple_entry_proselytizer, uniq_edmund
D:5:      layout_loops_corners, serial_shops, nicolae_shop_industrial_runoff
D:6:      layout_basic, gup_sewer_entry_pipe, grunt_ministairs_3
D:7:      lemuel_insect_pit, layout_rooms, nicolae_ossuary_entry_catacombs,
          uniq_maggie
D:8:      layout_loops_ring, cheibrodos_worm_habitat, nicolae_transporter_circle
D:9:      cheibrodos_frozen_isle, layout_grid_maze,
          mainiacjoe_overflow_concentric_impassable, grunt_potential
D:10:     layout_rooms, kennysheep_mini_moat, erik_orc_3, serial_glass,
          glass_columns_a, glass_columns_b, kennysheep_diamond
D:11:     layout_long_grid, hellmonk_lair_entry_icy, gauntlet_entry_generic
Temple:   sentei_temple_godly_chess
Orc:1:    layout_diamond_mine, basic_altar
Orc:2:    st_orc_congregation, layout_caves, serial_shops,
          nicolae_shop_tiny_waterfront, shop, mines4_lemuel

Skill      XL: |  1  2  3  4  5  6  7  8  9 10 11 |
---------------+----------------------------------+-----
Long Blades    | 3 4 |  4.0
Armour         | 2 3 4 5 6 |  6.6
Dodging        | 1 2 3 4 5 |  5.6
Staves         | 2 3 4 6 8 9 |  9.6
Fighting       | 4 5 6 7 |  7.3
Evocations     | 1 2 3 |  3.8
Stealth        | 1 2 |  2.8
Shields        | 1 2 3 |  3.4
Spellcasting   | 2 3 4 |  4.9
Conjurations   | 1 3 4 |  4.2
Ice Magic      | 1 3 4 |  4.5
Ranged Weapons | 1 3 |  3.0
Throwing       | |  0.1
Transmutations | |  0.1

Action                     |  1- 3 |  4- 6 |  7- 9 | 10-12 || total
---------------------------+-------+-------+-------+-------++-------
  Melee: Falchion          |   121 |    40 |       |       ||   161
         Kick              |    15 |     5 |       |       ||    20
         Punch             |     1 |       |       |       ||     1
         Quarterstaff      |       |    62 |   286 |   288 ||   636
         Tailslap          |       |       |    41 |    55 ||    96
   Fire: Shortbow          |       |       |       |   155 ||   155
  Throw: Dart              |       |       |       |     7 ||     7
         Throwing net      |       |       |       |     1 ||     1
   Cast: Passwall          |       |     1 |       |       ||     1
  Evoke: Wand              |       |    11 |     6 |    50 ||    67
    Use: Scroll            |       |     1 |    16 |    10 ||    27
         Potion            |       |       |     7 |    10 ||    17
   Stab: Paralysed         |     1 |       |     4 |     4 ||     9
         Confused          |       |       |     4 |       ||     4
         Sleeping          |       |       |     1 |       ||     1
         Distracted        |       |       |       |     3 ||     3
 Armour: Leather armour    |    41 |    37 |       |       ||    78
         Ring mail         |       |     5 |    73 |    53 ||   131
         Plate armour      |       |       |       |     6 ||     6
  Dodge: Dodged            |    60 |    80 |   117 |   143 ||   400
  Block: Other             |       |     2 |    52 |    65 ||   119
         Reflection        |       |       |     1 |     4 ||     5
